 Dungeon Crawl Stone Soup version 0.31.0-11-ge490571c62 (webtiles) character file.

Game seed: 15402700974831247015

5205 hadoken the Fighter (level 10, 0/135 HPs)
             Began as a Red Draconian Shapeshifter on Jan 29, 2024.
             Was an Elder of Uskayaw.
             Slain by a polar bear (1 damage)
             ... on level 1 of the Lair of Beasts.
             The game lasted 00:17:22 (9705 turns).

hadoken the Fighter (Red Draconian Shapeshifter)    Turns: 9705, Time: 00:17:23

Health: 0/135      AC: 25    Str: 21    XL:     10   Next: 35%
Magic:  15/15      EV:  2    Int: 11    God:    Uskayaw [****..]
Gold:   246        SH:  0    Dex: 10    Spells: 15/15 levels left

rFire   . .          .
                       - Unarmed
rCold   . . .        (no shield)
rNeg    . . .        (body armour unavailable)
rPois   +            (helmet currently unavailable)
rElec   .            (cloak currently unavailable)
rCorr   .            (gloves currently unavailable)
SInv    .            (boots currently unavailable)
Will    .....        f - amulet of magic regeneration
Stlth   +            (no ring)
HPRegen 0.42/turn    (no ring)
MPRegen 0.54/turn

%: no passive effects
@: lethally poisoned (0 -> -12), short of breath, tree-form, hasted, very quick
A: stationary, stasis, torment immunity, boosted hp, (breathe fire), AC +7,
unfitting armour, (fire resistance 1), (cold-blooded)
a: Renounce Religion, Stomp, Line Pass


You were on level 1 of the Lair of Beasts.
You worshipped Uskayaw.
Uskayaw was noncommittal.
You were a tree.
You visited 2 branches of the dungeon, and saw 9 of its levels.

You collected 439 gold pieces.
You spent 193 gold pieces at shops.

Inventory:

Missiles
 C - 11 poisoned darts (quivered)
 F - a throwing net
Jewellery
 e - an amulet of regeneration
 f - an amulet of magic regeneration (around neck)
Talismans
 b - a beast talisman
 c - a flux talisman
Wands
 A - a wand of flame (9)
 B - a wand of paralysis (7)
 E - a wand of polymorph (12)
Scrolls
 d - 3 scrolls of fog
 j - a scroll of enchant armour
 m - 3 scrolls of amnesia
 n - 7 scrolls of teleportation
 o - a scroll of enchant weapon
 q - 2 scrolls of immolation
 s - a scroll of torment
 u - a scroll of revelation
 v - a scroll of brand weapon
 x - 2 scrolls of noise
 y - a scroll of vulnerability
 D - a scroll of silence
Potions
 a - 2 potions of lignification
 k - a potion of attraction
 l - 2 potions of resistance
 r - 3 potions of brilliance


   Skills:
 + Level 8.9 Fighting
 - Level 1.7 Dodging
 + Level 8.6 Unarmed Combat
 - Level 3.1 Spellcasting
 - Level 7.2 Invocations
 - Level 7.0 Shapeshifting


You had 15 spell levels left.
You didn't know any spells.
Your spell library contained the following spells:

 Spells                   Type           Power      Damage    Failure   Level
 Freeze                   Ice            4%         1d3       26%         1
 Sandblast                Erth           2%         2d4       26%         1
 Slow                     Hex            4%         N/A       26%         1
 Blink                    Tloc           2%         N/A       36%         2
 Lesser Beckoning         Tloc           2%         N/A       36%         2
 Momentum Strike          Conj/Tloc      2%         3d8       36%         2
 Sublimation of Blood     Necr           1%         N/A       36%         2
 Confusing Touch          Hex            1%         N/A       61%         3
 Frozen Ramparts          Ice            2%         1d1       61%         3
 Hailstorm                Conj/Ice       1%         3d5       61%         3
 Passwall                 Erth           1%         N/A       61%         3
 Sigil of Binding         Hex            1%         N/A       61%         3
 Stone Arrow              Conj/Erth      2%         3d7       61%         3
 Vampiric Draining        Necr           1%         2d6       61%         3
 Brom's Barrelling Bould  Conj/Erth      1%         2d3       95%         4
 Petrify                  Alch/Erth      1%         N/A       95%         4
 Summon Blazeheart Golem  Fire/Summ      1%         N/A       95%         4
 Alistair's Intoxication  Alch           0%         N/A       100%        5
 Borgnjor's Vile Clutch   Necr/Erth      0%         N/A       100%        5
 Irradiate                Conj/Alch      0%         3d11      100%        5
 Eringya's Noxious Bog    Alch           0%         4d6       100%        6
 Orb of Destruction       Conj           0%         9d5       100%        7
 Spellforged Servitor     Conj/Summ      0%         N/A       100%        7


Dungeon Overview and Level Annotations

Branches:
Dungeon (8/15)             Temple (0/1) D:5            Lair (1/5) D:8

Altars:
Nemelex Xobeh
Uskayaw

Shops:
D:1 (((*   D:6 !

Annotations:
D:6 exclusion: wyvern


Innate Abilities, Weirdness & Mutations

You are a tree.
Your roots penetrate the ground, keeping you stationary.
You cannot be teleported.
You are immune to unholy pain and torment.
Your maximum health is greatly increased.
Your equipment is partially melded.
((You can breathe blasts of fire.))
((Your fiery red scales are hard. (AC +7)))
You cannot fit into any form of body armour.
((Your flesh is heat resistant. (rF+)))
((You are cold-blooded and may be slowed by cold attacks.))


Message History

Press: ? - help, Shift-Dir - straight line, f/p - black mamba
Aim: a black mamba (severely wounded, chance to affect: 64%)
The black mamba's mind is blasted!
The now-empty wand crumbles to dust.
* * * LOW HITPOINT WARNING * * *
You feel very sick. The black mamba bites you.
* * * LOW HITPOINT WARNING * * *
Uskayaw will force your foes to share their pain.
There is a lethal amount of poison in your body!
Okay, then.
Unknown command.
You feel much better.
You feel very sick. The black mamba bites you!
* * * LOW HITPOINT WARNING * * *
The black mamba bites you!
* * * LOW HITPOINT WARNING * * *
You are lethally poisoned!
The black mamba poisons you!
Uskayaw links your audience in an emotional bond!
Okay, then.
Okay, then.
Unknown command.
You punch the black mamba!
You kill the black mamba!
* * * LOW HITPOINT WARNING * * *
You feel very sick.
Okay, then.
You feel yourself speed up.
* * * LOW HITPOINT WARNING * * *
You feel very sick. The polar bear barely misses you.
The polar bear closely misses you.
The polar bear claws you but does no damage.
Okay, then.
Your transformation has ended.
You turn into a tree.
Your roots penetrate the ground.
* * * LOW HITPOINT WARNING * * *
You feel very sick. The polar bear bites you.
You die...

### .######.##
......>..# #
.........####P.###
..
#######.♣.<.......
... ##
#.h########## .l.
.. ##.## ..##.
##..# #.#. #..##
##..####.#
.###.P.(F#..#
.$......h...#
..##.#..#####


You could see a polar bear (pain bonded).

Vanquished Creatures
  A black mamba (Lair:1)
  2 cane toads (Lair:1)
  Grinder (D:6)
  A wyvern (D:6)
  9 yaks (D:8)
  Eustachio (D:4)
  An ice beast (D:8)
  2 orc warriors (D:8)
  A sky beast (D:7)
  3 black bears
  An ogre (D:6)
  A centaur (D:8)
  2 wolves (D:8)
  A bullfrog (D:8)
  A kobold brigand (D:7)
  A gnoll sergeant (D:7)
  4 wights
  3 bombardier beetles
  3 hounds
  4 orc priests
  2 jellies (D:5)
  A bullfrog skeleton (D:4)
  A gnoll bouda (D:8)
  2 iguanas (D:6)
  8 orc wizards
  3 scorpion zombies (D:4)
  A hound zombie (D:4)
  A hound skeleton (D:4)
  A howler monkey zombie (D:4)
  9 gnolls
  11 adders
  2 shadow imps (D:5)
  2 ufetubi (D:6)
  7 dart slugs
  2 ribbon worms
  29 orcs
  4 bats
  An endoplasm (D:4)
  3 giant cockroaches
  6 goblins
  10 hobgoblins
  9 jackals
  15 kobolds
  3 quokkas
  13 ball pythons
  2 frilled lizards (D:3)
  A quokka skeleton (D:4)
  8 rats
200 creatures vanquished.

Vanquished Creatures (others)
  An orc wizard (D:5)
1 creature vanquished.

Grand Total: 201 creatures vanquished

Notes
Turn   | Place    | Note
-------+----------+-------------------------------------------
     0 | D:1      | hadoken the Draconian Shapeshifter began the quest for the
                  | Orb.
     0 | D:1      | Reached XP level 1. HP: 16/16 MP: 1/1
    96 | D:1      | Found Pizudusk's Weapon Shoppe.
   164 | D:1      | Reached XP level 2. HP: 17/23 MP: 2/2
   259 | D:1      | Found Casam's Weapon Emporium.
   343 | D:1      | Found Rineo's Antique Weapon Emporium.
   439 | D:1      | Found Hunk's Assorted Antiques.
   459 | D:1      | Bought a scroll labelled VEGAOC ZENIARI for 25 gold pieces
   459 | D:1      | Bought a scroll labelled YNAACU WIPHUTZ for 25 gold pieces
   459 | D:1      | Bought a smoky ruby potion for 22 gold pieces
   592 | D:2      | Reached XP level 3. HP: 22/28 MP: 3/3
   785 | D:2      | Reached XP level 4. HP: 27/35 MP: 4/4
   930 | D:2      | Reached skill level 5 in Shapeshifting
  1163 | D:2      | Found a faded altar of an unknown god.
  1616 | D:3      | Reached XP level 5. HP: 40/40 MP: 5/5
  2367 | D:4      | Found a hide-covered altar of Uskayaw.
  2381 | D:4      | Became a worshipper of Uskayaw the Reveller
  2426 | D:4      | Reached * piety under Uskayaw
  2431 | D:4      | Reached ** piety under Uskayaw
  2441 | D:4      | Reached XP level 6. HP: 39/47 MP: 6/6
  2583 | D:4      | Reached skill level 1 in Spellcasting
  2587 | D:4      | Reached *** piety under Uskayaw
  2848 | D:4      | Noticed Eustachio
  2868 | D:4      | Killed Eustachio
  2868 | D:4      | Reached **** piety under Uskayaw
  2869 | D:4      | Your scales start taking on a fiery red colour.
  2869 | D:4      | Reached XP level 7. HP: 43/56 MP: 9/9
  2869 | D:4      | Gained mutation: Your flesh is heat resistant. (rF+) [Red
                  | Draconian growth]
  3038 | D:5      | Entered Level 5 of the Dungeon
  3144 | D:5      | Found a staircase to the Ecumenical Temple.
  4573 | D:6      | Found Govvarph's Distillery.
  4578 | D:6      | Bought a potion of degeneration for 11 gold pieces
  4578 | D:6      | Bought a potion of haste for 110 gold pieces
  4689 | D:6      | Noticed a wyvern
  4826 | D:6      | Reached skill level 1 in Invocations
  4826 | D:6      | Reached XP level 8. HP: 66/66 MP: 12/12
  4833 | D:6      | Noticed Grinder
  5631 | D:7      | Reached skill level 5 in Unarmed Combat
  6487 | D:7      | Reached skill level 5 in Fighting
  6876 | D:6      | Found a sparkling altar of Nemelex Xobeh.
  7449 | D:6      | Killed Grinder
  7692 | D:7      | Reached XP level 9. HP: 40/75 MP: 13/13
  8313 | D:8      | Reached skill level 5 in Invocations
  8391 | D:8      | Found a staircase to the Lair.
  8403 | D:8      | Reached ***** piety under Uskayaw
  9019 | D:8      | Reached XP level 10. HP: 88/88 MP: 15/15
  9573 | Lair:1   | Entered Level 1 of the Lair of Beasts
  9574 | Lair:1   | Noticed a cane toad
  9581 | Lair:1   | Killed a cane toad
  9683 | Lair:1   | Noticed a cane toad
  9685 | Lair:1   | Noticed a black mamba
  9693 | Lair:1   | HP: 2/90 [black mamba (7)]
  9698 | Lair:1   | Killed a cane toad
  9703 | Lair:1   | Killed a black mamba
  9704 | Lair:1   | HP: 2/90 [poisoned by a black mamba]
  9705 | Lair:1   | Slain by a polar bear

Illustrated notes

Levels and vault maps discovered:
D:1:      dpeg_arrival_round_c, layout_basic, serial_shops,
          nicolae_shop_waterfront, shop, shop, nicolae_shop_statue_plus
D:2:      layout_rooms, dilly_ecumenical_altar_fadedgnrine
D:3:      layout_loops_corners
D:4:      layout_rooms, eat_drink_and_be_merry_uskayaw, serial_undead,
          serial_undead_e, serial_undead_e, serial_undead_f, serial_undead_d,
          uniq_eustachio
D:5:      layout_layer_cave, minmay_temple_entry_junction,
          minmay_misc_feat_ornament
D:6:      layout_layer_cave, mainiacjoe_overflow_alcove_2, serial_shops, shop,
          minmay_misc_feat_tiny, uniq_grinder
D:7:      layout_layer_cave
D:8:      layout_basic, erik_lair_orcish_takeover, hangedman_decor_slide_cut
Lair:1:   layout_loops_ring, lemuel_fruit_fields, uniq_joseph

Skill      XL: |  1  2  3  4  5  6  7  8  9 10 |
---------------+-------------------------------+-----
Shapeshifting  | 4 5 6 7 |  7.0
Spellcasting   | 1 3 |  3.1
Fighting       | 2 4 5 8 |  8.9
Unarmed Combat | 4 6 7 8 |  8.6
Invocations    | 1 4 6 7 |  7.2
Dodging        | |  1.7

Action                     |  1- 3 |  4- 6 |  7- 9 | 10-12 || total
---------------------------+-------+-------+-------+-------++-------
  Melee: Unarmed           |    95 |   148 |   207 |    32 ||   482
         Tailslap          |    13 |    20 |    34 |     5 ||    72
         Punch             |       |     5 |     8 |       ||    13
  Throw: Boomerang         |       |    58 |    28 |       ||    86
         Stone             |       |     7 |    28 |       ||    35
         Dart              |       |       |    29 |     2 ||    31
 Invoke: Line Pass         |       |       |     2 |       ||     2
         Stomp             |       |       |     1 |       ||     1
Ability: Breathe Fire      |       |       |    14 |     3 ||    17
  Evoke: Wand              |       |       |    24 |     7 ||    31
    Use: Scroll            |     1 |     8 |     1 |     9 ||    19
         Potion            |       |     2 |     5 |     5 ||    12
   Stab: Paralysed         |       |     5 |    16 |     3 ||    24
         Invisible         |       |       |     2 |       ||     2
 Armour: Skin              |    48 |    68 |   153 |    43 ||   312
  Dodge: Dodged            |    63 |    76 |   116 |    22 ||   277
